 Dungeon Crawl Stone Soup version 0.28.0-1-gb440e238dd (webtiles) character file.

Game seed: 15495256289458845069

3992 Woods the Cleaver (level 10, -6/79 HPs)
             Began as a Palentonga Fighter on Feb 24, 2022.
             Was an Initiate of Yredelemnul.
             Killed from afar by an acid dragon (16 damage)
             ... with a splash of acid
             ... on level 8 of the Dungeon.
             The game lasted 00:10:46 (10876 turns).

Woods the Cleaver (Palentonga Fighter)             Turns: 10876, Time: 00:10:47

Health: -6/79      AC: 19    Str: 20    XL:     10   Next: 3%
Magic:  10/10      EV:  6    Int:  8    God:    Yredelemnul [......]
Gold:   395        SH:  4    Dex: 14    Spells: 9/9 levels left

rFire   . . .      SeeInvis +   a - +0 war axe
rCold   . . .      Faith    .   c - +0 buckler
rNeg    . . .      Spirit   .   o - +0 chain mail
rPois   .          Reflect  .   b - +0 helmet
rElec   .          Harm     .   (no cloak)
rCorr   .          Rampage  .   y - +2 pair of gloves
Will    .....                   (no barding)
Stlth   ..........              (no amulet)
HPRegen 0.23/turn               m - +4 ring of protection
MPRegen 0.12/turn               (no ring)

@: corroded, curled up
A: large, rugged brown scales 3, see invisible, deformed body, roll 1, armoured
tail, reflexive curl
a: Rolling Charge, Renounce Religion, Recall Undead Harvest


You were on level 8 of the Dungeon.
You worshipped Yredelemnul.
Yredelemnul was noncommittal.
You visited 2 branches of the dungeon, and saw 10 of its levels.

You collected 419 gold pieces.
You spent 24 gold pieces at shops.

Inventory:

Hand Weapons
 a - a +0 war axe (weapon)
Armour
 b - a +0 helmet (worn)
 c - a +0 buckler (worn)
 o - a +0 chain mail (worn)
 y - a +2 pair of gloves (worn)
 A - +0 fire dragon scales
Jewellery
 m - a +4 ring of protection (left hand)
 t - an amulet of reflection
Wands
 z - a wand of paralysis (9)
 B - a wand of charming (8)
Scrolls
 j - 2 scrolls of amnesia
 k - 2 scrolls of magic mapping {unknown}
 l - 6 scrolls of enchant weapon
 n - a scroll of summoning {unknown}
 q - a scroll of enchant armour {unknown}
 v - 2 scrolls of fear {unknown}
 x - 2 scrolls of teleportation {unknown}
 D - a scroll of holy word {unknown}
 F - a scroll of identify
Potions
 d - a potion of might
 e - 2 potions of brilliance
 f - a potion of flight {unknown}
 g - a potion of lignification {unknown}
 h - a potion of degeneration {unknown}
 i - 6 potions of mutation
 p - 2 potions of curing {unknown}
 r - 2 potions of berserk rage {unknown}
 u - a potion of invisibility
 w - 2 potions of cancellation {unknown}
 C - a potion of resistance {unknown}
 E - a potion of haste


   Skills:
 - Level 5.0 Fighting
 + Level 13.2 Axes
 - Level 2.4 Armour
 + Level 3.0 Dodging
 + Level 1.2 Stealth
 - Level 2.4 Shields


You had 9 spell levels left.
You didn't know any spells.
Your spell library contained the following spells:

 Spells                   Type           Power      Damage    Failure   Level
 Slow                     Hex            0%         N/A       99%         1
 Sublimation of Blood     Necr           0%         N/A       100%        2
 Confusing Touch          Hex            0%         N/A       100%        3
 Dazzling Flash           Conj/Hex       0%         N/A       100%        3
 Summon Guardian Golem    Hex/Summ       0%         N/A       100%        3
 Vampiric Draining        Necr           0%         2d6       100%        3
 Iskenderun's Mystic Bla  Conj/Tloc      0%         2d3       100%        4
 Petrify                  Tmut/Erth      0%         N/A       100%        4
 Irradiate                Conj/Tmut      0%         3d13      100%        5
 Starburst                Conj/Fire      0%         6d3       100%        6
 Orb of Destruction       Conj           0%         9d5       100%        7
 Spellforged Servitor     Conj/Summ      0%         N/A       100%        7


Dungeon Overview and Level Annotations

Branches:
Dungeon (9/15)             Temple (1/1) D:7
   Lair: D:8-11         Orc: D:9-12

Altars:
Ashenzari
Kikubaaqudgha
Sif Muna
Trog
Uskayaw
Yredelemnul

Shops:
D:2 :   D:3 *   D:4 (

Portals:
Abyss: D:8

Annotations:
D:7 BEE TRANSPORTER, Joseph; browni3141's ghost, novice MiBe
D:8 2 transporters, snaxamus's ghost, novice PaFi


Innate Abilities, Weirdness & Mutations

You are completely covered in rugged brown scales. (AC +3, +7% HP)
You have supernaturally acute eyesight. (SInv)
Armour fits poorly on your strangely shaped body.
You can roll at nearby foes to attack.
You have a long armoured tail.
You curl defensively after being hit. (AC +7*)


Message History

The acid dragon bites you!
The acid dragon claws you but does no damage.
The gnoll sergeant hits you from afar with a +0 spear.
You climb upwards.
Level annotation: 2 transporters, snaxamus's ghost, novice PaFi
There is a stone staircase leading down here.
You are too injured to fight recklessly!
You are too injured to fight recklessly!
You barely miss the gnoll. You hit the acid dragon. The acid dragon bites you!
* * * LOW HITPOINT WARNING * * *
You block the acid dragon's attack.
You barely miss the gnoll. You tail-slap the gnoll.
The gnoll is heavily wounded.
You hit the acid dragon but do no damage.
The gnoll hits you with a +0 flail.
* * * LOW HITPOINT WARNING * * *
The acid dragon bites you.
* * * LOW HITPOINT WARNING * * *
The acid dragon barely misses you.
You hit the gnoll.
Your tail-slap misses the gnoll.
The gnoll is almost dead.
You hit the acid dragon. The gnoll hits you with a +0 flail.
* * * LOW HITPOINT WARNING * * *
The acid dragon spits acid at you.
The splash of acid hits you but does no damage.
The acid corrodes you!
You slash the gnoll!
You kill the gnoll!
You hit the acid dragon. The acid dragon bites you.
* * * LOW HITPOINT WARNING * * *
The acid dragon claws you but does no damage.
Unknown command.
As you read the scroll of fog, it crumbles to dust.
The scroll dissolves into smoke.
The acid dragon bites you but does no damage.
The acid dragon claws you but does no damage.
The acid dragon spits acid at you. The splash of acid hits you!
You die...
Your body rises from the dead as a mindless zombie.

#....###....#
#....#_#....#
#...(#'#....#######
######[#####§§§§§§#
###...#).###..§§§§§§#
......Z......#§§§§§§##
###...#####....§D§§..#####
.##...# #.....§§.§.§[..###
.##...# #.....@..§.###...#
.##...# ######.#####
###.## .##...# #.### #..#
.###### #...## ###(#####
.# #.#).# #..<....# .#
#.##.### #.......# .#
#.##...###.......# .#
#.####..##.......# .# #.#
##.#####.####


You could see an acid dragon (catching breath).

Vanquished Creatures
  Pikel (D:8)
  Grinder (D:4)
  A wraith (D:9)
  Eustachio (D:4)
  An orc warrior (D:8)
  2 black bears
  An ogre (D:4)
  2 necrophages
  5 centaurs
  A phantom (D:5)
  4 lemures (D:8)
  4 bullfrogs
  A gnoll sergeant (D:8)
  A wyvern zombie (D:7)
  2 scorpions
  8 wights (D:6)
  10 howler monkeys
  4 jellies
  4 centaur zombies
  4 hounds (D:5)
  A bullfrog skeleton (D:6)
  A gnoll shaman (D:4)
  2 iguanas
  Crazy Yiuf (D:4)
  An orc wizard (D:7)
  A hound skeleton (D:4)
  2 howler monkey zombies
  10 gnolls
  8 adders
  A shadow imp (D:7)
  3 worms (D:2)
  3 dart slugs
  8 orcs
  8 ball pythons
  4 endoplasms
  5 goblins
  11 hobgoblins
  11 jackals
  2 quokkas
  2 bats (D:1)
  A frilled lizard (D:3)
  5 kobolds
  2 rats (D:1)
151 creatures vanquished.

Vanquished Creatures (collateral kills)
  A gnoll (D:8)
1 creature vanquished.

Vanquished Creatures (others)
  A kobold zombie (D:8)
  A howler monkey zombie (D:8)
  4 fungi (D:4)
  5 plants (D:4)
11 creatures vanquished.

Grand Total: 163 creatures vanquished

Notes
Turn   | Place    | Note
-------+----------+-------------------------------------------
     0 | D:1      | Woods the Palentonga Fighter began the quest for the Orb.
     0 | D:1      | Reached XP level 1. HP: 19/19 MP: 1/1
   205 | D:1      | Reached XP level 2. HP: 23/25 MP: 2/2
   840 | D:2      | Found Hynnum's Book Emporium.
   877 | D:2      | Reached XP level 3. HP: 32/32 MP: 3/3
   889 | D:2      | Reached skill level 1 in Dodging
  1745 | D:2      | Found a faded altar of an unknown god.
  1892 | D:2      | Reached skill level 3 in Axes
  1892 | D:2      | Reached XP level 4. HP: 36/39 MP: 4/4
  2386 | D:3      | Found Ivouk's General Store.
  2494 | D:3      | Bought a scroll of fog for 24 gold pieces
  3563 | D:4      | Noticed Grinder
  3572 | D:4      | Killed Grinder
  3573 | D:4      | Reached skill level 5 in Axes
  3573 | D:4      | Reached XP level 5. HP: 33/46 MP: 5/5
  3573 | D:4      | Reached XP level 6. HP: 37/52 MP: 6/6
  3955 | D:4      | Noticed Eustachio
  3973 | D:4      | Killed Eustachio
  3974 | D:4      | Reached skill level 6 in Axes
  3974 | D:4      | Gained mutation: You curl defensively after being hit. (AC
                  | +7*) [Palentonga growth]
  3974 | D:4      | Reached XP level 7. HP: 58/58 MP: 7/7
  4533 | D:4      | Found a runed translucent door.
  4534 | D:4      | Noticed Crazy Yiuf
  4976 | D:4      | Found Zouck's Antique Weapon Emporium.
  5159 | D:4      | Reached skill level 7 in Axes
  5363 | D:4      | Killed Crazy Yiuf
  5595 | D:5      | Entered Level 5 of the Dungeon
  5612 | D:5      | Reached skill level 5 in Fighting
  5736 | D:5      | Reached skill level 8 in Axes
  5736 | D:5      | Reached XP level 8. HP: 48/66 MP: 8/8
  6386 | D:5      | Reached skill level 1 in Stealth
  6493 | D:5      | Reached skill level 9 in Axes
  6929 | D:6      | Reached skill level 10 in Axes
  7518 | D:6      | Reached XP level 9. HP: 60/72 MP: 9/9
  7841 | D:6      | Reached skill level 11 in Axes
  8178 | D:7      | Found a transporter.
  8178 | D:7      | Found a transporter.
  8448 | D:7      | Found a staircase to the Ecumenical Temple.
  8868 | D:7      | Noticed browni3141's ghost (novice MiBe)
  9561 | Temple   | Entered the Ecumenical Temple
  9574 | Temple   | Became a worshipper of Yredelemnul the Dark
  9600 | D:8      | Noticed Joseph
  9954 | D:8      | Reached skill level 12 in Axes
 10035 | D:8      | Noticed Pikel
 10043 | D:8      | Killed Pikel
 10159 | D:8      | Found a broken altar of Ashenzari.
 10178 | D:8      | Found a transporter.
 10228 | D:8      | Reached * piety under Yredelemnul
 10230 | D:8      | Your ally Pikel died
 10404 | D:8      | Found a one-way gate to the infinite horrors of the Abyss.
 10404 | D:8      | Noticed snaxamus's ghost (novice PaFi)
 10409 | D:8      | Found a transporter.
 10479 | D:8      | Reached skill level 13 in Axes
 10812 | D:9      | Reached XP level 10. HP: 65/79 MP: 10/10
 10876 | D:8      | Killed from afar by an acid dragon

Illustrated notes

Levels and vault maps discovered:
D:1:      mrwooster_arrival_statue_2, layout_loops_cross,
          minmay_tree_intersection, minmay_misc_feat_columns
D:2:      layout_basic, hellmonk_ecumenical_altar_leap_of_faith, serial_shops,
          nicolae_diamond_shop, minmay_strange_pillars,
          kennysheep_cross_bottleneck, kennysheep_cross_room
D:3:      layout_basic, serial_shops, nicolae_diamond_shop
D:4:      layout_layer_cave, serial_shops, nicolae_shop_overgrown_old_shop,
          minmay_misc_feat_cross, uniq_grinder, uniq_eustachio,
          uniq_crazy_yiuf_cottage
D:5:      layout_basic
D:6:      layout_basic
D:7:      layout_layer_cave, minmay_temple_entry_purple_smoke,
          gammafunk_ghost_hive
D:8:      layout_rooms, ashenzari_conservatory_becter,
          gammafunk_ghost_abyssal_escape, uniq_joseph, uniq_pikel
D:9:      layout_rooms, lemuel_coloured_pillars_altar,
          nicolae_gozag_seed_capital, worldfamousw_hep_ancestral_shrine,
          serial_shops, nicolae_shop_waterfront, nicolae_shop_stone,
          kennysheep_mini, kennysheep_little_box, nicolae_take_the_stairs
Temple:   nicolae_temple_elliptical

Skill      XL: |  1  2  3  4  5  6  7  8  9 |
---------------+----------------------------+-----
Dodging        | 1 2 3 |  3.0
Axes           | 3 5 6 8 10 13 | 13.2
Fighting       | 4 5 |  5.0
Stealth        | 1 |  1.2
Armour         | |  2.4
Shields        | |  2.4

Action                   |  1- 3 |  4- 6 |  7- 9 | 10-12 || total
-------------------------+-------+-------+-------+-------++-------
Melee: War axe           |    89 |    63 |   375 |     5 ||   532
       Tailslap          |    11 |    12 |    50 |     2 ||    75
 Abil: Rolling Charge    |       |     4 |     3 |       ||     7
  Use: Potion            |       |     1 |     1 |       ||     2
       Scroll            |       |       |     4 |     1 ||     5
Armor: Scale mail        |    53 |       |       |       ||    53
       Chain mail        |    13 |    51 |   265 |     6 ||   335
Dodge: Dodged            |    33 |    23 |   105 |     2 ||   163
Block: Buckler           |    16 |     8 |    78 |     2 ||   104
